 Dungeon Crawl Stone Soup version 0.28.0-47-ge53b351184 (webtiles) character file.

Game seed: 18395037890507803341

142 CryoSword the Cudgeller (level 5, -1/27 HPs)
             Began as a Vine Stalker Chaos Knight on May 3, 2022.
             Was a Plaything of Xom.
             Killed from afar by an orc wizard (4 damage)
             ... with a magic dart
             ... on level 3 of the Dungeon.
             The game lasted 00:01:43 (1630 turns).

CryoSword the Cudgeller (Vine Stalker Chaos Knight) Turns: 1630, Time: 00:01:44

Health: -1/27      AC:  5    Str: 17    XL:     5   Next: 25%
Magic:  0/6        EV: 11    Int: 12    God:    Xom [.*....]
Gold:   62         SH:  0    Dex: 13    Spells: 4/4 levels left

rFire   . . .      SeeInvis .   a - +0 mace (chaos)
rCold   . . .      Faith    .   (no shield)
rNeg    . . .      Spirit   +   b - +2 leather armour
rPois   .          Reflect  .   (no helmet)
rElec   .          Harm     .   (no cloak)
rCorr   .          Rampage  .   (no gloves)
Will    .....                   (no boots)
Stlth   +.........              (no amulet)
HPRegen 0.89/turn               (no ring)
MPRegen 0.10/turn               (no ring)

@: no status effects
A: fangs 2, regeneration 1, magic shield, antimagic bite, no potion heal 2
a: Renounce Religion


You were on level 3 of the Dungeon.
You worshipped Xom.
You were a plaything of Xom.
You visited 1 branch of the dungeon, and saw 3 of its levels.

You collected 62 gold pieces.

Inventory:

Hand Weapons
 a - a +0 mace of chaos (weapon)
Missiles
 e - 2 atropa-tipped darts (quivered)
 h - a throwing net
Armour
 b - a +2 leather armour (worn)
Scrolls
 d - a scroll of noise {unknown}
 g - 2 scrolls of identify {unknown}
 i - a scroll of torment {unknown}
Potions
 c - a potion of brilliance {unknown}
 f - a potion of heal wounds {unknown}


   Skills:
 - Level 2.6 Fighting
 + Level 5.2 Maces & Flails
 - Level 1.5 Armour
 - Level 0.7 Dodging


You had 4 spell levels left.
You didn't know any spells.
Your spell library was empty.

Dungeon Overview and Level Annotations

Branches:
Dungeon (3/15)

Altars:


Innate Abilities, Weirdness & Mutations

You have extremely sharp teeth.
Your natural rate of healing is unusually fast.
When hurt, damage is shared between your health and your magic reserves.
Your bite disrupts and absorbs the magic of your enemies.
Potions cannot restore your health.


Message History

The phantom hits you but does no damage.
You closely miss the phantom. The phantom closely misses you.
You barely miss the phantom. The phantom misses you. The phantom hits you.
* * * LOW HITPOINT WARNING * * *
You hit the phantom but do no damage. The phantom hits you.
* * * LOW HITPOINT WARNING * * *
The phantom blinks!
You blink.
You hit the phantom. The phantom barely misses you.
You hit the phantom. You burn the phantom.
You destroy the phantom!
Your Maces & Flails skill increases to level 5!
You have reached level 4!
You feel stronger.
You begin to heal more quickly.
You have reached level 5!
You start resting.
Your butterfly disappears in a puff of smoke!
g - a scroll labelled ROIW MUM MIM
h - a throwing net You now have 44 gold pieces (gained 6).
Found a stone staircase leading up.
There is a stone staircase leading up here.
There is a stone staircase leading up here.
You see here a +0 robe.
There is a stone staircase leading down here.
You see here 12 stones.
A goblin comes into view. It is wielding a +0 club.
Found 6 gold pieces.
The goblin shouts!
A goblin is nearby!
A goblin is nearby!
A goblin is nearby!
Found a scroll labelled ROIW MUM MIM.
The goblin closely misses you.
You sock the goblin!
You kill the goblin!
No target in view!
Your movement speed is average.
Your attack delay is about 1.1.
Found a robe.
Found a whip.
g - 2 scrolls labelled ROIW MUM MIM (gained 1)
You see here a +0 robe.
You see here a +0 whip.
You now have 50 gold pieces (gained 6).
Found a robe.
A dart slug comes into view.
A dart slug is nearby!
A dart slug is nearby!
A dart slug is nearby!
The dart slug bites you but does no damage.
You see here a scroll labelled WOEVIRGHUIG.
You hit the dart slug. You drain the dart slug. Your bite misses the dart slug.
You hit the dart slug.
The dart slug is poisoned.
You kill the dart slug!
No target in view!
i - a scroll labelled WOEVIRGHUIG You now have 62 gold pieces (gained 12).
An endoplasm comes into view.
The endoplasm quivers.
An endoplasm is nearby!
An endoplasm is nearby!
You hit the endoplasm but do no damage. The endoplasm freezes you.
You are frozen.
You thump the endoplasm! You burn the endoplasm.
You kill the endoplasm!
No target in view!
You are now a plaything of Xom.
Unknown command.
An endoplasm comes into view.
An endoplasm is nearby!
An endoplasm is nearby!
Found an escape hatch in the ceiling.
The endoplasm quivers.
The endoplasm freezes you.
You are frozen.
You hit the endoplasm but do no damage. The endoplasm closely misses you.
You hit the endoplasm.
You kill the endoplasm!
No target in view!
Found a stone staircase leading down.
There is a stone staircase leading down here.
An adder comes into view.
The adder hisses angrily.
An adder is nearby!
An adder is nearby!
The adder barely misses you.
You hit the adder. You bite the adder. You drain its power.
The adder bites you.
You hit the adder. Your bite misses the adder. The adder bites you.
You closely miss the adder. Your bite misses the adder. The adder bites you.
The adder bites you but does no damage.
You hit the adder.
You kill the adder!
No target in view!
You see here an adder corpse.
Found a stone staircase leading down.
You see here an adder corpse.
Done exploring.
Done exploring.
Done exploring.
Done exploring.
There is an escape hatch in the floor here.
You slide downwards.
The hatch slams shut behind you.
Found 26 bolts.
An orc comes into view. It is wielding a +0 club.
The orc shouts!
You hear a shout!
An orc comes into view. It is wielding a +0 flail.
There are monsters nearby!
There are monsters nearby!
There are monsters nearby!
The orc shouts!
Xom grants you insight.
You feel aware of your surroundings.
Unknown command.
An orc comes into view. It is wielding a +0 short sword.
An orc wizard comes into view. It is wielding a +0 dagger.
The orc shouts!
You completely miss the orc. You bite the orc. You drain its power.
The orc misses you. The orc hits you with a +0 club.
You closely miss the orc. The orc closely misses you.
You hit the orc but do no damage. The orc closely misses you.
You closely miss the orc. The orc closely misses you. x2
You sock the orc!
You kill the orc!
The orc hits you with a +0 flail. The orc hits you with a +0 short sword.
You barely miss the orc wizard. Your bite misses the orc wizard.
The orc wizard closely misses you. The orc barely misses you.
The orc hits you but does no damage.
You barely miss the orc wizard.
The orc wizard gestures at you while chanting.
The magic dart hits you. The orc hits you with a +0 flail!
* * * LOW HITPOINT WARNING * * *
The orc hits you but does no damage.
You closely miss the orc wizard. Your bite misses the orc wizard.
The orc wizard hits you with a +0 dagger.
* * * LOW HITPOINT WARNING * * *
The orc closely misses you. x2
You closely miss the orc wizard.
You punch the orc wizard, but do no damage.
The orc wizard casts a spell at you. The puff of flame misses you.
The orc hits you with a +0 flail.
* * * LOW HITPOINT WARNING * * *
The orc hits you with a +0 short sword.
* * * LOW HITPOINT WARNING * * *
The orc barely misses you.
The orc wizard gestures at you while chanting.
The magic dart hits you.
You die...
Xom snickers!

*, ********** *,*, ,,,
..#.# ,*,#######.#.# *
* * *, ,#.....#.#.# ,,
,* * *,,...#.#.#.#
,,,,,****,*,,,#.#.#.#.#
, ,,,, ,*.#.,,#...#.#.#
**, , ,.....#(o.#.#.# *
* *,*,#..o@...#.# *,
*<**,#....)o.....#
****** ,#############
,,,, ,,,,,,,,, ,,*
,,,,, , ,,,,,> * *
****** ** * , *,* * *,


You could see an orc wizard and 2 orcs.

Vanquished Creatures
  A phantom (D:2)
  3 adders (D:2)
  3 dart slugs (D:2)
  An orc (D:3)
  2 ball pythons (D:1)
  2 endoplasms (D:2)
  A giant cockroach (D:1)
  A goblin (D:2)
  3 hobgoblins (D:1)
  3 jackals (D:1)
  5 kobolds
  2 quokkas
  2 bats
  4 frilled lizards
  A rat (D:1)
34 creatures vanquished.

Notes
Turn   | Place    | Note
-------+----------+-------------------------------------------
     0 | D:1      | CryoSword the Vine Stalker Chaos Knight began the quest for
                  | the Orb.
     0 | D:1      | Reached XP level 1. HP: 11/11 MP: 2/2
   115 | D:1      | Reached skill level 3 in Maces & Flails
   247 | D:1      | Reached XP level 2. HP: 16/16 MP: 3/3
   351 | D:1      | XOM: silly message
   626 | D:1      | Found a faded altar of an unknown god.
   626 | D:1      | Noticed an eye of devastation
   630 | D:1      | Noticed an eye of devastation
   634 | D:1      | Noticed a shining eye
   634 | D:1      | Noticed a shining eye
   868 | D:2      | XOM: butterfly on damage
   876 | D:2      | Reached XP level 3. HP: 11/19 MP: 4/4
  1093 | D:2      | Reached skill level 4 in Maces & Flails
  1217 | D:2      | Noticed a phantom
  1224 | D:2      | XOM: butterfly on damage
  1232 | D:2      | Killed a phantom
  1233 | D:2      | Reached skill level 5 in Maces & Flails
  1233 | D:2      | Gained mutation: Your natural rate of healing is unusually
                  | fast. [Vine Stalker growth]
  1233 | D:2      | Reached XP level 4. HP: 3/23 MP: 2/5
  1233 | D:2      | Reached XP level 5. HP: 4/27 MP: 2/6
  1619 | D:3      | XOM: divination: magic mapping
  1630 | D:3      | Killed from afar by an orc wizard

Illustrated notes

Levels and vault maps discovered:
D:1:      nzn_arrival_crosshair, layout_basic,
          hellmonk_ecumenical_altar_watching_god
D:2:      layout_loops_ring, chequers_hall_statues_wall_a, minmay_pentomino_t2
D:3:      layout_basic

Skill      XL: |  1  2  3 |
---------------+----------+-----
Maces & Flails | 3 5 |  5.2
Fighting       | |  2.6
Armour         | |  1.5
Dodging        | |  0.7

Action                   |  1- 3 |  4- 6 || total
-------------------------+-------+-------++-------
Melee: Mace              |    84 |    20 ||   104
       Bite              |    16 |     2 ||    18
       Punch             |       |     1 ||     1
Armor: Leather armour    |    45 |     4 ||    49
Dodge: Dodged            |    53 |    14 ||    67
